 Dungeon Crawl Stone Soup version 0.21-a0-508-gf08a75f (webtiles) character file.

515 Leszczynek the Carver (level 7, -3/54 HPs)
             Began as a Barachi Fighter on Nov 28, 2017.
             Killed from afar by an orc wizard (5 damage)
             ... with a magic dart
             ... on level 5 of the Dungeon.
             The game lasted 00:09:10 (1674 turns).

Leszczynek the Carver (Barachi Fighter)             Turns: 1674, Time: 00:09:11

Health: -3/54      AC:  9    Str: 19    XL:     7   Next: 20%
Magic:  7/7        EV:  7    Int:  9    God:
Gold:   251        SH:  9    Dex: 11    Spells: 6/6 levels left

rFire    . . .     SeeInvis .   a - +0 long sword
rCold    . . .     Gourm    .   c - +0 shield
rNeg     . . .     Faith    .   p - +0 scale mail
rPois    .         Spirit   .   (no helmet)
rElec    .         Reflect  .   (no cloak)
rCorr    +         Harm     .   r - +0 pair of gloves
MR       .....                  v - +0 pair of boots
Stlth    ..........             (no amulet)
HPRegen  0.18/turn              j - ring of resist corrosion
MPRegen  0.10/turn              (no ring)

@: flying, slow
A: +LOS, swims, slowness 1, strong legs 1
a: Hop


You were on level 5 of the Dungeon.
You were not hungry.

You visited 1 branch of the dungeon, and saw 5 of its levels.

You collected 251 gold pieces.

Inventory:

Hand Weapons
 a - a +0 long sword (weapon)
 b - a +0 hunting sling
Missiles
 x - 63 sling bullets
Armour
 c - a +0 shield (worn)
 p - a +0 scale mail (worn)
 r - a +0 pair of gloves (worn)
 v - a +0 pair of boots (worn)
Jewellery
 j - a ring of resist corrosion (left hand)
Wands
 C - a wand of clouds (7)
Scrolls
 e - 4 scrolls of remove curse {unknown}
 l - 2 scrolls of teleportation {unknown}
 m - a scroll of magic mapping {unknown}
 o - a scroll of identify {unknown}
 u - a scroll of fear {unknown}
 w - a scroll of enchant weapon {unknown}
 y - a scroll of amnesia {unknown}
 B - a scroll of brand weapon {unknown}
 D - a scroll of noise {unknown}
Potions
 f - a potion of might
 g - a potion of flight
 i - 2 potions of haste {unknown}
 q - a potion of agility {unknown}
 s - a potion of magic {unknown}
 t - a potion of curing {unknown}
 A - a potion of resistance {unknown}
Comestibles
 d - 5 bread rations
 h - 2 chunks of flesh
 k - 2 royal jellies
 n - 2 meat rations
 z - 3 fruits


   Skills:
 + Level 4.2 Fighting
 * Level 8.6 Long Blades
 - Level 3.6 Armour
 + Level 3.8 Shields


You had 6 spell levels left.
You didn't know any spells.

Dungeon Overview and Level Annotations

Branches:
Dungeon (5/15)
 Temple: D:4-7

Altars:
Fedhas
Qazlal
Wu Jian

Annotations:
D:3 2 transporters


Innate Abilities, Weirdness & Mutations

Shadows flee at your approach. (+LOS)
You can swim through water.
You cover ground slowly.
You can hop short distances.


Message History

The puff of flame hits you!
* * * LOW HITPOINT WARNING * * *
You barely miss the ogre.
The ogre is severely wounded.
Something hits you but does no damage. You block the ogre's attack.
Something hits you but does no damage.
You slash the ogre!
You kill the ogre!
You hear some strange, mumbled words.
A puff of flame appears from out of thin air!
The puff of flame hits you!
* * * LOW HITPOINT WARNING * * *
An orc comes into view.
It was a potion of flight.
You feel very buoyant.
You fly up into the air.
The orc shouts!
You hear some strange, mumbled words.
A magic dart appears from out of thin air!
The magic dart hits you!
You die...

#.# # # #.####a#### #
......o.o.# #
#.###.###.# # #o#### #
#....# # ####.# #
##{##o# #
#@#.#.############
#..o.)###wo............
#...## #.#.############
#.. #.##.# ... ## #.#
### #.# #.# #.# #.#


You could see an orc.

Vanquished Creatures
  2 ogres (D:5)
  2 howler monkeys
  A crimson imp (D:5)
  3 hounds
  2 worker ants (D:5)
  4 adders
  3 worms
  3 dart slugs
  3 leopard geckos
  3 bats
  A giant cockroach (D:1)
  4 hobgoblins
  2 jackals (D:3)
  A quokka (D:4)
  3 frilled lizards
  9 goblins
  8 kobolds
  2 leopard gecko skeletons
  A rat (D:1)
57 creatures vanquished.

Notes
Turn   | Place    | Note
-------+----------+-------------------------------------------
     0 | D:1      | Leszczynek the Barachi Fighter began the quest for the Orb.
     0 | D:1      | Reached XP level 1. HP: 18/18 MP: 1/1
   103 | D:1      | Reached skill level 3 in Long Blades
   126 | D:1      | Reached XP level 2. HP: 12/24 MP: 2/2
   242 | D:1      | Reached skill level 4 in Long Blades
   281 | D:1      | Reached XP level 3. HP: 18/29 MP: 3/3
   411 | D:2      | Found a stormy altar of Qazlal.
   544 | D:3      | Found a transporter.
   558 | D:3      | Found a transporter.
   641 | D:3      | Reached skill level 5 in Long Blades
   675 | D:3      | Reached XP level 4. HP: 36/36 MP: 4/4
   867 | D:4      | Reached skill level 6 in Long Blades
   935 | D:4      | Reached XP level 5. HP: 38/41 MP: 5/5
  1231 | D:5      | Entered Level 5 of the Dungeon
  1260 | D:5      | Reached skill level 7 in Long Blades
  1264 | D:5      | Found an ornate altar of the Wu Jian Council.
  1296 | D:5      | Reached XP level 6. HP: 39/47 MP: 6/6
  1356 | D:5      | Found a blossoming altar of Fedhas.
  1434 | D:5      | Reached skill level 8 in Long Blades
  1659 | D:5      | Reached skill level 4 in Fighting
  1662 | D:5      | Reached XP level 7. HP: 42/54 MP: 7/7
  1673 | D:5      | HP: 2/54 [something/puff of flame (10)]
  1674 | D:5      | Killed from afar by an orc wizard

Vault maps used:
D:1:      minmay_arrival_stone_box, st_stairs_5, kennysheep_nondescript
D:2:      lemuel_round_altar, vehumet_crystals, kennysheep_flooded_box
D:3:      gammafunk_wand_slinger, chequers_ecumenical_altar_lobes
D:4:      first_bread, serial_shops, kennysheep_mini_moat
D:5:      kennysheep_little_box, nicolae_overflow_hidden_temple

Skill      XL: |  1  2  3  4  5  6 |
---------------+-------------------+-----
Long Blades    | 3 4 5 6 7 8 |  8.6
Fighting       | 4 |  4.2
Armour         | |  3.6
Shields        | |  3.8

Action                   |  1- 3 |  4- 6 |  7- 9 || total
-------------------------+-------+-------+-------++-------
Melee: Long sword        |   125 |   110 |    11 ||   246
 Fire: Hunting sling     |       |     4 |       ||     4
 Abil: Hop               |     1 |       |       ||     1
  Use: Potion            |       |       |     1 ||     1
  Eat: Chunk             |       |     4 |       ||     4
Armor: Scale mail        |    57 |    42 |     4 ||   103
Dodge: Dodged            |    38 |    30 |     2 ||    70
Block: Shield            |    69 |    38 |     6 ||   113
       Rpst.: Long sword |    16 |    12 |       ||    28

Table legend:
 A = Spawn XP
 B = Non-spawn XP
 C = Spawn XP percentage of total XP
 D = Spawn monster count
 E = Non-spawn monster count
 F = Spawn count percentage of total count
 G = Total turns spent on level
                    A         B        C        D         E        F      G
               +---------+---------+-------+---------+---------+-------+---------
         Total |       0 |     736 |   0.0 |       0 |      57 |   0.0 |  1674
               +---------+---------+-------+---------+---------+-------+---------
           D:1 |       0 |      40 |   0.0 |       0 |      21 |   0.0 |   379
           D:2 |       0 |      10 |   0.0 |       0 |       3 |   0.0 |    95
           D:3 |       0 |      50 |   0.0 |       0 |      14 |   0.0 |   366
           D:4 |       0 |     166 |   0.0 |       0 |       9 |   0.0 |   391
           D:5 |       0 |     470 |   0.0 |       0 |      10 |   0.0 |   443
               +---------+---------+-------+---------+---------+-------+---------
